 Dungeon Crawl Stone Soup version 0.17-a0-995-gb5fa8d7 (webtiles) character file.

65 Fluffy the Slasher (level 3, -4/28 HPs)
             Began as a Demonspawn Gladiator on May 12, 2015.
             Was an Initiate of Makhleb.
             Slain by Crazy Yiuf
             ... wielding a +4 quarterstaff of chaos
              (5 damage)
             ... on level 2 of the Dungeon.
             The game lasted 00:03:39 (1987 turns).

Fluffy the Slasher (Demonspawn Gladiator)           Turns: 1987, Time: 00:03:40

Health: -4/28      AC: 14    Str: 16    XL:     3   Next: 92%
Magic:  3/3        EV: 12    Int:  9    God:    Makhleb [......]
Gold:   57         SH:  0    Dex: 13    Spells: 0 memorised, 2 levels left

rFire  . . .     SeeInvis .     c - +2 short sword (protect)
rCold  . . .     Clarity  .     b - +0 leather armour
rNeg   . . .     SustAb   .     (no shield)
rPois  .         Gourm    .     l - +1 hat {MR+}
rElec  .         Spirit   .     n - +2 cloak
rCorr  .         Warding  .     (no gloves)
rMut   .         Stasis   .     (no boots)
MR     +....                    (no amulet)
Stlth  ++........               s - +2 ring of protection
                                u - ring of stealth

@: lethally poisoned (-4 -> -7), somewhat resistant to hostile enchantments,
unstealthy
A: hooves 1
a: Renounce Religion


You were on level 2 of the Dungeon.
You worshipped Makhleb.
Makhleb was noncommittal.
You were hungry.

You visited 1 branch of the dungeon, and saw 2 of its levels.

You collected 57 gold pieces.

Inventory:

Hand weapons
 a - a +0 long sword
 c - a +2 short sword of protection (weapon)
Missiles
 d - 3 throwing nets (quivered)
Armour
 b - a +0 leather armour (worn)
 l - a +1 hat of magic resistance (worn)
 n - a +2 cloak (worn)
Jewellery
 r - an uncursed ring of magical power
 s - a +2 ring of protection (right hand)
 u - a ring of stealth (left hand)
Magical devices
 t - a wand of fireball (10)
Scrolls
 f - 3 scrolls of identify {unknown}
 i - a scroll of enchant weapon {unknown}
 m - a scroll of blinking {unknown}
 p - 2 scrolls of fear {unknown}
 q - a scroll of immolation {unknown}
 w - 3 scrolls of magic mapping {unknown}
Potions
 g - a potion of might {unknown}
 h - a potion of brilliance {unknown}
 j - 2 potions of curing {unknown}
 k - 2 potions of agility {unknown}
 o - a potion of lignification {unknown}
 v - a potion of heal wounds {unknown}
Comestibles
 e - 3 bread rations


   Skills:
 + Level 2.8 Fighting
 + Level 3.4 Long Blades
 - Level 1.7 Throwing
 + Level 1.3 Armour
 - Level 2.6 Dodging
 + Level 1.0 Invocations


You had 2 spell levels left.
You didn't know any spells.

Dungeon Overview and Level Annotations

Branches:
Dungeon (2/15)

Altars:
Fedhas
Gozag
Makhleb
Zin

Annotations:
D:2 Crazy Yiuf


Innate Abilities, Weirdness & Mutations

You have large cloven feet.


Message History

Crazy Yiuf hits you with a quarterstaff of chaos.
You convulse.
* * * LOW HITPOINT WARNING * * *
You hit Crazy Yiuf. You kick Crazy Yiuf, but do no damage.
Crazy Yiuf is severely wounded.
Crazy Yiuf closely misses you.
You closely miss Crazy Yiuf.
Crazy Yiuf is severely wounded.
Crazy Yiuf waves his quarterstaff at you.
Crazy Yiuf barely misses you.
You hit Crazy Yiuf. You kick Crazy Yiuf, but do no damage.
Crazy Yiuf is almost dead.
Crazy Yiuf hits you with a quarterstaff of chaos.
* * * LOW HITPOINT WARNING * * *
You hit Crazy Yiuf.
Crazy Yiuf is almost dead.
* * * LOW HITPOINT WARNING * * *
You feel sick.
Crazy Yiuf hits you with a quarterstaff of chaos.
You die...

#.#
#.###.#._#.###.###
#.#
#.##.....#.###.###
#.#
#.##..#.##.#.....#
#.##
##########.#.....#
#..# #...#.....#
##.# #####.....#
#.###♣ ####
#.....# #....♣♣♣
♣♣#..)# #######
#......♣♣♣♣.@g..#
##......♣..♣#...#
##### ##....♣.♣♣♣
#### ##...##
###♣♣♣♣♣ ##.....#
#......##
#######........
#.......#...###
#############


You could see Crazy Yiuf.

Vanquished Creatures
  2 adders (D:2)
  3 giant geckos
  9 bats
  4 giant cockroaches
  5 hobgoblins (D:1)
  10 kobolds
  A ball python (D:1)
  A giant newt (D:2)
  5 goblins (D:1)
  6 rats (D:1)
46 creatures vanquished.

Notes
Turn   | Place    | Note
--------------------------------------------------------------
     0 | D:1      | Fluffy the Demonspawn Gladiator began the quest for the Orb.
     0 | D:1      | Reached XP level 1. HP: 16/16 MP: 1/1
    90 | D:1      | Gained mutation: You have large cloven feet. [demonic ancestry]
    90 | D:1      | Reached XP level 2. HP: 6/22 MP: 2/2
   454 | D:1      | Reached skill level 3 in Long Blades
   829 | D:1      | Reached skill level 1 in Armour
  1005 | D:1      | Reached XP level 3. HP: 24/28 MP: 3/3
  1591 | D:2      | Found a blossoming altar of Fedhas.
  1594 | D:2      | Found a burning altar of Makhleb.
  1597 | D:2      | Found a glowing silver altar of Zin.
  1610 | D:2      | Became a worshipper of Makhleb the Destroyer
  1765 | D:2      | Found an opulent altar of Gozag.
  1932 | D:2      | Reached skill level 1 in Invocations
  1973 | D:2      | Noticed Crazy Yiuf
  1987 | D:2      | HP: 1/28 [poisoned by Crazy Yiuf]
  1987 | D:2      | Slain by Crazy Yiuf

Vault maps used:
D:1:      dpeg_arrival_rhombi
D:2:      grunt_temple_overflow_open, overflow_temple_1_default,
          uniq_crazy_yiuf_cottage

Action                   || total
-------------------------++-------
Melee: Long sword        ||   100
       Short sword       ||    66
 Stab: Sleeping          ||     1
  Eat: Chunk             ||     3
